 Dungeon Crawl Stone Soup version 0.26.0-10-g1f06aea511 (webtiles) character file.

Game seed: 15344306352118218494

124 TrebMcFLY the Ruffian (level 5, -1/36 HPs)
             Began as an Octopode Fighter on Jan 17, 2021.
             Slain by a gnoll
             ... wielding a cursed -3 flail
              (6 damage)
             ... on level 3 of the Dungeon.
             The game lasted 00:03:53 (2047 turns).

TrebMcFLY the Ruffian (Octopode Fighter)            Turns: 2047, Time: 00:03:53

Health: -1/36      AC:  2    Str: 16    XL:     5   Next: 8%
Magic:  5/5        EV: 11    Int: 10    God:
Gold:   126        SH:  8    Dex: 12    Spells: 4/4 levels left

rFire    . . .     SeeInvis .     - Unarmed
rCold    . . .     Faith    .   a - +0 kite shield
rNeg     . . .     Spirit   .   k - +1 hat
rPois    .         Reflect  .   (no amulet)
rElec    .         Harm     .   p - ring of resist corrosion
rCorr    +         Rampage  .   (no ring)
Will     .....                  (no ring)
Stlth    +++.......             (no ring)
HPRegen  0.12/turn              (no ring)
MPRegen  0.09/turn              (no ring)
                                (no ring)
                                (no ring)

@: no status effects
A: almost no armour, stealthy swim, amphibious, 8 rings, constrict 8, camouflage
1, gelatinous body 1
a: no special abilities


You were on level 3 of the Dungeon.
You visited 1 branch of the dungeon, and saw 3 of its levels.

You collected 126 gold pieces.

Inventory:

Armour
 a - a +0 kite shield (worn)
 h - a +0 tower shield
 k - a +1 hat (worn)
Jewellery
 p - a ring of resist corrosion (left tentacle)
Scrolls
 c - 2 scrolls of identify {unknown}
 d - 2 scrolls of fog {unknown}
 f - 2 scrolls of fear {unknown}
 g - 3 scrolls of remove curse {unknown}
 i - 2 scrolls of teleportation {unknown}
 o - a scroll of amnesia {unknown}
 q - a scroll of noise {unknown}
Potions
 b - a potion of might
 e - a potion of haste {unknown}
 j - a potion of heal wounds {unknown}
 l - a potion of brilliance {unknown}
 m - a potion of mutation {unknown}
 n - a potion of lignification {unknown}


   Skills:
 - Level 3.0 Fighting
 - Level 3.0 Dodging
 + Level 3.5 Stealth
 - Level 3.0 Shields
 * Level 4.3 Unarmed Combat


You had 4 spell levels left.
You didn't know any spells.
Your spell library was empty.

Dungeon Overview and Level Annotations

Branches:
Dungeon (3/15)

Altars:
Qazlal


Innate Abilities, Weirdness & Mutations

You cannot wear most types of armour.
You are very stealthy in the water. (Stealth+)
You are amphibious.
You can wear up to eight rings at the same time.
You can use your tentacles to constrict eight enemies at once.
Your skin changes colour to match your surroundings (Stealth+).
Your rubbery body absorbs attacks. (AC +1, EV +1)


Message History

The gnoll hits you with a +0 spear.
You tentacle-slap the gnoll but do no damage.
The gnoll is lightly wounded.
You constrict the gnoll, but do no damage.
The gnoll hits you with a +0 flail. The gnoll hits you with a +0 spear.
You tentacle-slap the gnoll but do no damage.
You squeeze the gnoll.
The gnoll is heavily wounded.
You constrict the gnoll. The gnoll hits you with a +0 flail!
The gnoll hits you with a +0 spear!
* * * LOW HITPOINT WARNING * * *
You tentacle-slap the gnoll.
You kill the gnoll!
You block the gnoll's attack.
You have reached level 5!
You feel agile. You block the gnoll's attack.
There is a stone staircase leading up here.
The gnoll hits you with a cursed -3 flail.
You die...

######. ....
#.....#....
#.....#...
#.....#..
#.....#.##
#..........
#......# ..
#....@.# .#
#....gg# .#
####......# .#
#...[...#g##.#
#.......#.#..# ##
#.......#...#
#...#
#..........##
#.#.#
#...........#
...#
#.......#.#)#####
#..###


You could see 3 gnolls.

Vanquished Creatures
  An orc priest (D:2)
  A gnoll (D:3)
  2 adders (D:2)
  A worm (D:2)
  2 dart slugs
  2 leopard geckos
  5 orcs
  4 giant cockroaches (D:2)
  8 goblins
  5 hobgoblins
  A quokka (D:2)
  A ball python (D:2)
  6 bats
  2 frilled lizards (D:1)
  8 kobolds
  4 rats
53 creatures vanquished.

Notes
Turn   | Place    | Note
-------+----------+-------------------------------------------
     0 | D:1      | TrebMcFLY the Octopode Fighter began the quest for the Orb.
     0 | D:1      | Reached XP level 1. HP: 16/16 MP: 1/1
   150 | D:1      | Reached skill level 1 in Stealth
   233 | D:1      | Reached XP level 2. HP: 21/21 MP: 2/2
   833 | D:1      | Reached skill level 3 in Unarmed Combat
   836 | D:1      | Reached XP level 3. HP: 26/26 MP: 3/3
   957 | D:2      | Found a stormy altar of Qazlal.
  1425 | D:2      | Reached XP level 4. HP: 26/31 MP: 4/4
  1439 | D:2      | Reached skill level 4 in Unarmed Combat
  2040 | D:3      | Reached XP level 5. HP: 4/36 MP: 5/5
  2047 | D:3      | Slain by a gnoll

Illustrated notes

Levels and vault maps discovered:
D:1:      dpeg_arrival_court, layout_rooms, columned_hall_lemuel,
          serial_park_tiny_pond
D:2:      layout_loops_ring, nicolae_qazlal_eye_of_the_storm
D:3:      layout_rooms

Skill      XL: |  1  2  3  4 |
---------------+-------------+-----
Stealth        | 1 3 |  3.5
Unarmed Combat | 3 4 |  4.3
Fighting       | |  3.0
Dodging        | |  3.0
Shields        | |  3.0

Action                   |  1- 3 |  4- 6 || total
-------------------------+-------+-------++-------
Melee: Unarmed           |    91 |    29 ||   120
       Constrict         |    25 |    11 ||    36
       Tentacles         |    12 |     7 ||    19
       Punch             |     2 |       ||     2
 Stab: Sleeping          |     8 |       ||     8
Armor: Skin              |    12 |     3 ||    15
Dodge: Dodged            |    24 |    11 ||    35
Block: Kite shield       |    34 |     9 ||    43
